Connexion

Marlies vs Thunderbirds

Created - 22 mars 2024 at 05:43

Goals
1 2 3 T
Marlies 4 3 0 7
Thunderbirds 2 1 2 5
Shots
1 2 3 T
Marlies 16 16 11 43
Thunderbirds 15 6 19 40

GoalsPenalties
1st period
1. Marlies , Josh Wesley 5 (Kristian Vesalainen 28, Victor Ejdsell 18) at 1:02
2. Marlies , Brad Malone 22 (Dominik Simon 37, Calvin De Haan 42) at 6:47
3. Thunderbirds , Ryan Lomberg 29 (Chris Wideman 55, Alex Belzile 32) at 9:08 (PP)
4. Marlies , Tyler Lewington 9 (Brad Malone 40, Kristian Vesalainen 29) at 11:58
5. Marlies , Loui Eriksson 30 (Cal O'Reilly 49, Max McCormick 53) at 14:40
6. Thunderbirds , Aaron Harstad 4 (Ryan Lomberg 28) at 17:34
Yegor Rykov (TOR) for Holding (Minor) at 3:03
Mitchell Heard (TOR) for Interference (Minor) at 7:16
Dylan Blujus (TOR) for Roughing (Minor) at 9:25
2nd period
7. Marlies , Max McCormick 36 (Loui Eriksson 54, Cal O'Reilly 50) at 2:05 (PP)
8. Marlies , Brad Malone 23 (Victor Ejdsell 19, Josh Wesley 25) at 4:36
9. Marlies , Dylan Blujus 8 (Calvin De Haan 43, Cal O'Reilly 51) at 8:35 (PP)
10. Thunderbirds , Alex Belzile 19 (Noel Acciari 38) at 14:29
Ryan Lomberg (SPR) for Tripping (Minor) at 0:57
C.J. Smith (SPR) for Diving (Minor) at 8:08
Dylan Blujus (TOR) for Holding (Minor) at 14:38
Sergei Boikov (SPR) for High sticking (Minor) at 19:59
3rd period
11. Thunderbirds , Alex Belzile 20 (Ryan Lomberg 29, Noel Acciari 39) at 7:46 (PP)
12. Thunderbirds , Sergei Boikov 6 (Alex Belzile 33, Ryan Lomberg 30) at 13:52
Calvin De Haan (TOR) for Slashing (Minor) at 2:28
Tim Schaller (TOR) for Roughing (Minor) at 6:04
Ryan Lomberg (SPR) for Tripping (Minor) at 19:08
Goalie Stats
Erik Kallgren (TOR), 35 saves from 40 shots - (0,875), W, 28-25-3, 60:00 minutes
Fredrik Bergvik (SPR), 28 saves from 31 shots - (0,903), L, 1-6-1, 45:20 minutes
Andrew D'Agostini (SPR), 8 saves from 12 shots - (0,667), 14:40 minutes
3 StarsOfficial
1 - Brad Malone (TOR)
2 - Alex Belzile (SPR)
3 - Ryan Lomberg (SPR)
Referees : Brad Watson and Gord Dwyer
Linesman : Ryan Galloway and Tim Nowak
Game Note
Fredrik Bergvik enters game at 14:40 of 1st period
Finance
Level 1 -- Attendance: 1298 (64,90%) -- Ticket Income $51,920
Level 2 -- Attendance: 874 (87,40%) -- Ticket Income $17,480
Total Attendance: 2172 (72,40%)
Total Ticket Income: $69,400
Other Income: $13,880
Total Income: $83,280



Team Name Goals Shots Shots Attemp Shots Blocked PIM HIT PP PK FO%
Marlies 743811212372 / 4 (50%)251%
Thunderbirds 5407598232 / 6 (33%)249%

Marlies
Player Name POS G A P +/- PIM HIT SHT SB MP PP MP PP SHT PK MP PK SHT FO% FOT
Brad Malone C/LW2132074025:491:1716:18070% 30
Cal O'ReillyC0330003123:123:0803:46021% 29
Calvin De HaanD0222241125:272:3505:5600% 0
Dominik SimonC/LW/RW0110029226:301:1716:47167% 3
Dylan BlujusD1012432224:022:3524:3200% 0
Ian McCoshenD0000020121:311:5004:4000% 0
Josh WesleyD1120011112:360:0000:2900% 0
Kristian VesalainenLW/RW0222002010:340:0001:13050% 2
Loui ErikssonLW/RW1120011119:263:0800:00050% 2
Mathias Brome LW000000109:330:0000:0000% 0
Max McCormickC/LW1120077123:123:0843:4600% 0
Mitchell HeardC000025009:320:0000:00060% 15
Skyler McKenzieLW000000000:000:0000:0000% 0
Tim McGauleyC000000000:000:0000:0000% 0
Tim SchallerC/LW/RW0000203111:191:1701:10050% 2
Tyler LewingtonD1010033121:191:5004:2800% 0
Victor EjdsellC022201509:210:0000:00060% 15
Yegor RykovD0000211015:010:0002:5500% 0
Thunderbirds
Player Name POS G A P +/- PIM HIT SHT SB MP PP MP PP SHT PK MP PK SHT FO% FOT
Aaron HarstadD1012012113:570:0000:0000% 0
Alex BelzileC/RW2243007018:585:4831:1100% 0
Austin PoganskiRW000-2011124:465:4212:5800% 1
Bobby NardellaD000-1001022:155:4312:2800% 0
C.J. SmithLW000-2241021:035:4210:000100% 1
Chris WidemanD011-3013423:485:4721:5700% 0
Libor SulakD000-3002123:045:4721:5700% 0
Logan O'ConnorRW000-2003114:250:0000:0000% 0
Lucas ElvenesC000000000:000:0000:0000% 0
Michael ChaputC/LW000-2041014:300:0000:05039% 18
Noel AcciariC/RW0223011018:585:4801:11056% 39
Nolan VeseyLW/RW000-2004014:250:0000:0000% 1
Paul StastnyC000-3013026:205:4212:57048% 33
Ryan LombergLW1343449017:455:4820:0000% 1
Sergei BoikovD1012211013:560:0000:0000% 0
Stefan NoesenRW000-101102:470:0000:280100% 1
Stelio MattheosC/RW000-100002:190:0000:00033% 3
Stuart PercyD000-1040122:155:4302:2800% 0



Play-by-Play

1st period


0:01 of 1st period - Brad Malone wins face-off versus Paul Stastny in neutral zone.
0:11 of 1st period - Shot by Tim Schaller.
0:11 of 1st period - Stopped by Andrew D'Agostini with a rebound.
0:13 of 1st period - Shot by Dominik Simon.
0:13 of 1st period - Shot Misses the Net.
0:27 of 1st period - Shot by Calvin De Haan.
0:27 of 1st period - Stopped by Andrew D'Agostini without a rebound.
0:28 of 1st period - Cal O'Reilly wins face-off versus Noel Acciari in Thunderbirds zone.
0:40 of 1st period - Off-side.
0:41 of 1st period - Michael Chaput wins face-off versus Victor Ejdsell in neutral zone.
1:00 of 1st period - Shot by Kristian Vesalainen.
1:00 of 1st period - Shot Misses the Net.
1:02 of 1st period - Shot by Josh Wesley.
1:02 of 1st period - Goal by Josh Wesley - Marlies : 1 - Thunderbirds : 0.
1:03 of 1st period - Stefan Noesen wins face-off versus Dominik Simon in neutral zone.
1:40 of 1st period - Shot by Stefan Noesen.
1:40 of 1st period - Stopped by Erik Kallgren without a rebound.
1:41 of 1st period - Noel Acciari wins face-off versus Cal O'Reilly in Marlies zone.
1:58 of 1st period - Shot by Ryan Lomberg.
1:58 of 1st period - Stopped by Erik Kallgren without a rebound.
1:59 of 1st period - Kristian Vesalainen wins face-off versus Michael Chaput in Marlies zone.
2:21 of 1st period - Shot by Victor Ejdsell.
2:21 of 1st period - Stopped by Andrew D'Agostini with a rebound.
2:50 of 1st period - Chris Wideman is hit by Josh Wesley.
3:03 of 1st period - Minor Penalty to Yegor Rykov for Holding.
3:04 of 1st period - Noel Acciari wins face-off versus Tim Schaller in Marlies zone.
4:33 of 1st period - Cal O'Reilly is hit by C.J. Smith and loses puck.
4:51 of 1st period - Bobby Nardella is hit by Tyler Lewington and loses puck.
5:02 of 1st period - Shot by Ryan Lomberg.
5:02 of 1st period - Shot Blocked by Tim Schaller.
5:05 of 1st period - Icing by Dominik Simon.
5:06 of 1st period - Mitchell Heard wins face-off versus Michael Chaput in Marlies zone.
5:06 of 1st period - Mitchell Heard is hit by Michael Chaput.
5:18 of 1st period - Shot by Nolan Vesey.
5:18 of 1st period - Stopped by Erik Kallgren without a rebound.
5:19 of 1st period - Cal O'Reilly wins face-off versus Stelio Mattheos in Marlies zone.
5:35 of 1st period - Shot by Paul Stastny.
5:35 of 1st period - Shot Misses the Net.
5:38 of 1st period - Icing by Tyler Lewington.
5:39 of 1st period - Michael Chaput wins face-off versus Cal O'Reilly in Marlies zone.
6:00 of 1st period - Shot by Chris Wideman.
6:00 of 1st period - Shot Blocked by Ian McCoshen.
6:41 of 1st period - Shot by Tim Schaller.
6:41 of 1st period - Shot Misses the Net.
6:45 of 1st period - Shot by Dominik Simon.
6:45 of 1st period - Shot Blocked by Chris Wideman.
6:47 of 1st period - Shot by Brad Malone .
6:47 of 1st period - Goal by Brad Malone - Marlies : 2 - Thunderbirds : 0.
6:48 of 1st period - Paul Stastny wins face-off versus Victor Ejdsell in neutral zone.
7:04 of 1st period - Shot by Victor Ejdsell.
7:04 of 1st period - Stopped by Andrew D'Agostini with a rebound.
7:06 of 1st period - Shot by Victor Ejdsell.
7:06 of 1st period - Stopped by Andrew D'Agostini without a rebound.
7:07 of 1st period - Noel Acciari wins face-off versus Mitchell Heard in Thunderbirds zone.
7:07 of 1st period - Noel Acciari is hit by Mitchell Heard.
7:16 of 1st period - Minor Penalty to Mitchell Heard for Interference.
7:17 of 1st period - Brad Malone wins face-off versus Austin Poganski in Marlies zone.
7:17 of 1st period - Brad Malone is hit by C.J. Smith.
7:33 of 1st period - Shot by Dominik Simon.
7:33 of 1st period - Stopped by Andrew D'Agostini with a rebound.
7:53 of 1st period - Icing by Stuart Percy.
7:54 of 1st period - Paul Stastny wins face-off versus Cal O'Reilly in Thunderbirds zone.
7:54 of 1st period - Paul Stastny is hit by Max McCormick.
8:38 of 1st period - Noel Acciari is hit by Max McCormick and loses puck.
8:54 of 1st period - Icing by Noel Acciari.
8:55 of 1st period - Noel Acciari wins face-off versus Brad Malone in Thunderbirds zone.
9:06 of 1st period - Shot by Chris Wideman.
9:06 of 1st period - Stopped by Erik Kallgren with a rebound.
9:08 of 1st period - Shot by Ryan Lomberg.
9:08 of 1st period - Goal by Ryan Lomberg - Marlies : 2 - Thunderbirds : 1.
9:09 of 1st period - Cal O'Reilly wins face-off versus Michael Chaput in neutral zone.
9:14 of 1st period - Shot by Max McCormick.
9:14 of 1st period - Deflect By Cal O'Reilly.
9:14 of 1st period - Stopped by Andrew D'Agostini without a rebound.
9:15 of 1st period - Michael Chaput wins face-off versus Mitchell Heard in Thunderbirds zone.
9:15 of 1st period - Michael Chaput is hit by Mitchell Heard.
9:18 of 1st period - Logan O'Connor is hit by Mitchell Heard and loses puck.
9:23 of 1st period - Shot by Nolan Vesey.
9:23 of 1st period - Stopped by Erik Kallgren without a rebound.
9:24 of 1st period - Noel Acciari wins face-off versus Cal O'Reilly in Marlies zone.
9:24 of 1st period - Libor Sulak is hit by Dylan Blujus and loses puck.
9:25 of 1st period - Minor Penalty to Dylan Blujus for Roughing.
9:26 of 1st period - Brad Malone wins face-off versus Paul Stastny in Marlies zone.
9:50 of 1st period - Icing by C.J. Smith.
9:51 of 1st period - Brad Malone wins face-off versus Paul Stastny in Thunderbirds zone.
10:34 of 1st period - Icing by Stuart Percy.
10:35 of 1st period - Noel Acciari wins face-off versus Cal O'Reilly in Thunderbirds zone.
11:48 of 1st period - Off-side.
11:49 of 1st period - Victor Ejdsell wins face-off versus Stelio Mattheos in neutral zone.
11:58 of 1st period - Shot by Tyler Lewington.
11:58 of 1st period - Goal by Tyler Lewington - Marlies : 3 - Thunderbirds : 1.
11:59 of 1st period - Paul Stastny wins face-off versus Mitchell Heard in neutral zone.
12:26 of 1st period - Shot by Mitchell Heard.
12:26 of 1st period - Shot Blocked by Aaron Harstad.
12:28 of 1st period - Shot by Mitchell Heard.
12:28 of 1st period - Shot Misses the Net.
12:33 of 1st period - Icing by Aaron Harstad.
12:34 of 1st period - Paul Stastny wins face-off versus Cal O'Reilly in Thunderbirds zone.
13:14 of 1st period - Shot by Noel Acciari.
13:14 of 1st period - Shot Misses the Net.
13:16 of 1st period - Shot by Ryan Lomberg.
13:16 of 1st period - Stopped by Erik Kallgren without a rebound.
13:17 of 1st period - Dominik Simon wins face-off versus Michael Chaput in Marlies zone.
13:24 of 1st period - Shot by Logan O'Connor.
13:24 of 1st period - Stopped by Erik Kallgren with a rebound.
13:40 of 1st period - Shot by Tyler Lewington.
13:40 of 1st period - Shot Blocked by Chris Wideman.
13:43 of 1st period - Icing by Chris Wideman.
13:44 of 1st period - Michael Chaput wins face-off versus Kristian Vesalainen in Thunderbirds zone.
13:46 of 1st period - Chris Wideman is hit by Victor Ejdsell and loses puck.
13:55 of 1st period - Shot by Brad Malone .
13:55 of 1st period - Shot Misses the Net.
14:05 of 1st period - Shot by Victor Ejdsell.
14:05 of 1st period - Stopped by Andrew D'Agostini without a rebound.
14:06 of 1st period - Paul Stastny wins face-off versus Cal O'Reilly in Thunderbirds zone.
14:11 of 1st period - Shot by C.J. Smith.
14:11 of 1st period - Shot Misses the Net.
14:38 of 1st period - Shot by Cal O'Reilly.
14:38 of 1st period - Shot Misses the Net.
14:40 of 1st period - Shot by Loui Eriksson.
14:40 of 1st period - Goal by Loui Eriksson - Marlies : 4 - Thunderbirds : 1.
14:40 of 1st period - Fredrik Bergvik enters game.
14:41 of 1st period - Brad Malone wins face-off versus Noel Acciari in neutral zone.
15:05 of 1st period - Shot by Brad Malone .
15:05 of 1st period - Shot Misses the Net.
15:39 of 1st period - Max McCormick is hit by Stefan Noesen and loses puck.
15:45 of 1st period - Off-side.
15:46 of 1st period - Mitchell Heard wins face-off versus Paul Stastny in neutral zone.
15:57 of 1st period - Shot by C.J. Smith.
15:57 of 1st period - Shot Blocked by Dominik Simon.
16:49 of 1st period - Shot by Loui Eriksson.
16:49 of 1st period - Deflect By Max McCormick.
16:49 of 1st period - Stopped by Fredrik Bergvik without a rebound.
16:50 of 1st period - Victor Ejdsell wins face-off versus Noel Acciari in Thunderbirds zone.
16:50 of 1st period - Victor Ejdsell is hit by Aaron Harstad.
16:54 of 1st period - Shot by Victor Ejdsell.
16:54 of 1st period - Deflect By Kristian Vesalainen.
16:54 of 1st period - Shot Misses the Net.
17:02 of 1st period - Shot by Ryan Lomberg.
17:02 of 1st period - Stopped by Erik Kallgren without a rebound.
17:03 of 1st period - Michael Chaput wins face-off versus Loui Eriksson in Marlies zone.
17:06 of 1st period - Shot by Nolan Vesey.
17:06 of 1st period - Shot Misses the Net.
17:12 of 1st period - Shot by Nolan Vesey.
17:12 of 1st period - Stopped by Erik Kallgren with a rebound.
17:14 of 1st period - Shot by Logan O'Connor.
17:14 of 1st period - Shot Blocked by Max McCormick.
17:16 of 1st period - Shot by Nolan Vesey.
17:16 of 1st period - Shot Blocked by Calvin De Haan.
17:18 of 1st period - Shot by Chris Wideman.
17:18 of 1st period - Stopped by Erik Kallgren without a rebound.
17:19 of 1st period - Noel Acciari wins face-off versus Victor Ejdsell in Marlies zone.
17:19 of 1st period - Aaron Harstad is hit by Ian McCoshen and loses puck.
17:26 of 1st period - Shot by Ryan Lomberg.
17:26 of 1st period - Shot Misses the Net.
17:34 of 1st period - Shot by Aaron Harstad.
17:34 of 1st period - Goal by Aaron Harstad - Marlies : 4 - Thunderbirds : 2.
17:35 of 1st period - Paul Stastny wins face-off versus Cal O'Reilly in neutral zone.
17:35 of 1st period - Paul Stastny is hit by Max McCormick.
17:48 of 1st period - Icing by Calvin De Haan.
17:49 of 1st period - Noel Acciari wins face-off versus Cal O'Reilly in Marlies zone.
17:55 of 1st period - Max McCormick is hit by Ryan Lomberg and loses puck.
18:04 of 1st period - Icing by Stuart Percy.
18:05 of 1st period - Brad Malone wins face-off versus Noel Acciari in Thunderbirds zone.
18:12 of 1st period - Shot by Brad Malone .
18:12 of 1st period - Shot Blocked by Stuart Percy.
18:18 of 1st period - Shot by Tim Schaller.
18:18 of 1st period - Stopped by Fredrik Bergvik with a rebound.
18:20 of 1st period - Shot by Tim Schaller.
18:20 of 1st period - Stopped by Fredrik Bergvik with a rebound.
18:22 of 1st period - Shot by Dominik Simon.
18:22 of 1st period - Stopped by Fredrik Bergvik without a rebound.
18:23 of 1st period - C.J. Smith wins face-off versus Cal O'Reilly in Thunderbirds zone.
18:55 of 1st period - Shot by C.J. Smith.
18:55 of 1st period - Shot Misses the Net.
18:57 of 1st period - Shot by Paul Stastny.
18:57 of 1st period - Stopped by Erik Kallgren with a rebound.
18:59 of 1st period - Shot by Paul Stastny.
18:59 of 1st period - Shot Misses the Net.
19:01 of 1st period - Shot by Libor Sulak.
19:01 of 1st period - Shot Blocked by Dylan Blujus.
19:19 of 1st period - Bobby Nardella is hit by Loui Eriksson and loses puck.
19:28 of 1st period - Shot by Noel Acciari.
19:28 of 1st period - Stopped by Erik Kallgren with a rebound.
19:30 of 1st period - Shot by Ryan Lomberg.
19:30 of 1st period - Stopped by Erik Kallgren without a rebound.
19:31 of 1st period - Brad Malone wins face-off versus Michael Chaput in Marlies zone.
19:59 of 1st period - Shot by Dominik Simon.
19:59 of 1st period - Shot Misses the Net.
Goals for this period are 4 for Marlies vs 2 for Thunderbirds.
Shots for this period are 16 for Marlies vs 15 for Thunderbirds.

2nd period


0:01 of 2nd period - Paul Stastny wins face-off versus Brad Malone in neutral zone.
0:34 of 2nd period - Tim Schaller is hit by Austin Poganski and loses puck.
0:41 of 2nd period - Chris Wideman is hit by Brad Malone and loses puck.
0:57 of 2nd period - Minor Penalty to Ryan Lomberg for Tripping.
0:58 of 2nd period - Noel Acciari wins face-off versus Cal O'Reilly in Thunderbirds zone.
1:31 of 2nd period - Shot by Max McCormick.
1:31 of 2nd period - Stopped by Fredrik Bergvik without a rebound.
1:32 of 2nd period - Brad Malone wins face-off versus Paul Stastny in Thunderbirds zone.
1:33 of 2nd period - Shot by Tim Schaller.
1:33 of 2nd period - Deflect By Dominik Simon.
1:33 of 2nd period - Shot Blocked by Chris Wideman.
1:35 of 2nd period - Shot by Dylan Blujus.
1:35 of 2nd period - Shot Misses the Net.
1:57 of 2nd period - Shot by Brad Malone .
1:57 of 2nd period - Shot Misses the Net.
1:59 of 2nd period - Shot by Dominik Simon.
1:59 of 2nd period - Stopped by Fredrik Bergvik without a rebound.
2:00 of 2nd period - Cal O'Reilly wins face-off versus Paul Stastny in Thunderbirds zone.
2:05 of 2nd period - Shot by Max McCormick.
2:05 of 2nd period - Goal by Max McCormick - Marlies : 5 - Thunderbirds : 2.
2:06 of 2nd period - Noel Acciari wins face-off versus Cal O'Reilly in neutral zone.
2:15 of 2nd period - Aaron Harstad is hit by Max McCormick and loses puck.
2:26 of 2nd period - Shot by Max McCormick.
2:26 of 2nd period - Shot Misses the Net.
2:40 of 2nd period - Shot by Ryan Lomberg.
2:40 of 2nd period - Shot Misses the Net.
2:42 of 2nd period - Shot by Ryan Lomberg.
2:42 of 2nd period - Stopped by Erik Kallgren without a rebound.
2:43 of 2nd period - Brad Malone wins face-off versus Michael Chaput in Marlies zone.
2:48 of 2nd period - Michael Chaput is hit by Dominik Simon and loses puck.
4:02 of 2nd period - Austin Poganski is hit by Tyler Lewington and loses puck.
4:34 of 2nd period - Shot by Victor Ejdsell.
4:34 of 2nd period - Shot Misses the Net.
4:36 of 2nd period - Shot by Brad Malone .
4:36 of 2nd period - Goal by Brad Malone - Marlies : 6 - Thunderbirds : 2.
4:37 of 2nd period - Mitchell Heard wins face-off versus Noel Acciari in neutral zone.
4:40 of 2nd period - Shot by Dominik Simon.
4:40 of 2nd period - Stopped by Fredrik Bergvik without a rebound.
4:41 of 2nd period - Mitchell Heard wins face-off versus Noel Acciari in Thunderbirds zone.
4:41 of 2nd period - Mitchell Heard is hit by Sergei Boikov.
5:51 of 2nd period - Shot by Michael Chaput.
5:51 of 2nd period - Deflect By Logan O'Connor.
5:51 of 2nd period - Stopped by Erik Kallgren with a rebound.
6:37 of 2nd period - Kristian Vesalainen is hit by Chris Wideman and loses puck.
6:42 of 2nd period - Shot by Brad Malone .
6:42 of 2nd period - Deflect By Kristian Vesalainen.
6:42 of 2nd period - Stopped by Fredrik Bergvik with a rebound.
6:44 of 2nd period - Shot by Tyler Lewington.
6:44 of 2nd period - Shot Blocked by Austin Poganski.
6:46 of 2nd period - Shot by Brad Malone .
6:46 of 2nd period - Shot Misses the Net.
6:48 of 2nd period - Shot by Brad Malone .
6:48 of 2nd period - Shot Misses the Net.
6:50 of 2nd period - Shot by Tyler Lewington.
6:50 of 2nd period - Stopped by Fredrik Bergvik without a rebound.
6:51 of 2nd period - Noel Acciari wins face-off versus Cal O'Reilly in Thunderbirds zone.
7:08 of 2nd period - Shot by Ryan Lomberg.
7:08 of 2nd period - Shot Misses the Net.
7:10 of 2nd period - Shot by Aaron Harstad.
7:10 of 2nd period - Shot Blocked by Cal O'Reilly.
7:12 of 2nd period - Shot by Noel Acciari.
7:12 of 2nd period - Shot Misses the Net.
7:14 of 2nd period - Shot by Noel Acciari.
7:14 of 2nd period - Shot Blocked by Josh Wesley.
7:16 of 2nd period - Shot by Ryan Lomberg.
7:16 of 2nd period - Stopped by Erik Kallgren without a rebound.
7:17 of 2nd period - Victor Ejdsell wins face-off versus Michael Chaput in Marlies zone.
7:17 of 2nd period - Victor Ejdsell is hit by Michael Chaput.
7:25 of 2nd period - Shot by Brad Malone .
7:25 of 2nd period - Stopped by Fredrik Bergvik with a rebound.
8:08 of 2nd period - Minor Penalty to C.J. Smith for Diving.
8:09 of 2nd period - Paul Stastny wins face-off versus Cal O'Reilly in Thunderbirds zone.
8:33 of 2nd period - Shot by Dylan Blujus.
8:33 of 2nd period - Stopped by Fredrik Bergvik with a rebound.
8:35 of 2nd period - Shot by Dylan Blujus.
8:35 of 2nd period - Goal by Dylan Blujus - Marlies : 7 - Thunderbirds : 2.
8:36 of 2nd period - Noel Acciari wins face-off versus Brad Malone in neutral zone.
8:36 of 2nd period - Aaron Harstad is hit by Brad Malone and loses puck.
9:00 of 2nd period - Sergei Boikov is hit by Brad Malone and loses puck.
10:09 of 2nd period - Icing by Bobby Nardella.
10:10 of 2nd period - Paul Stastny wins face-off versus Victor Ejdsell in Thunderbirds zone.
10:33 of 2nd period - Shot by Victor Ejdsell.
10:33 of 2nd period - Shot Misses the Net.
11:48 of 2nd period - Shot by Cal O'Reilly.
11:48 of 2nd period - Shot Blocked by Libor Sulak.
11:50 of 2nd period - Shot by Loui Eriksson.
11:50 of 2nd period - Deflect By Max McCormick.
11:50 of 2nd period - Stopped by Fredrik Bergvik without a rebound.
11:51 of 2nd period - Victor Ejdsell wins face-off versus Paul Stastny in Thunderbirds zone.
11:52 of 2nd period - Shot by Brad Malone .
11:52 of 2nd period - Shot Misses the Net.
11:54 of 2nd period - Shot by Yegor Rykov.
11:54 of 2nd period - Stopped by Fredrik Bergvik without a rebound.
11:55 of 2nd period - Victor Ejdsell wins face-off versus Paul Stastny in Thunderbirds zone.
12:03 of 2nd period - Kristian Vesalainen is hit by Stuart Percy and loses puck.
12:07 of 2nd period - Kristian Vesalainen is hit by Stuart Percy.
12:44 of 2nd period - Shot by Max McCormick.
12:44 of 2nd period - Stopped by Fredrik Bergvik with a rebound.
12:46 of 2nd period - Shot by Calvin De Haan.
12:46 of 2nd period - Shot Misses the Net.
12:51 of 2nd period - Loui Eriksson is hit by Stuart Percy and loses puck.
13:25 of 2nd period - Off-side.
13:26 of 2nd period - Mitchell Heard wins face-off versus Noel Acciari in neutral zone.
13:35 of 2nd period - Shot by Mathias Brome .
13:35 of 2nd period - Stopped by Fredrik Bergvik without a rebound.
13:36 of 2nd period - Noel Acciari wins face-off versus Mitchell Heard in Thunderbirds zone.
13:36 of 2nd period - Libor Sulak is hit by Mitchell Heard.
13:42 of 2nd period - Icing by Mathias Brome .
13:43 of 2nd period - Mitchell Heard wins face-off versus Noel Acciari in Marlies zone.
14:06 of 2nd period - Shot by Mathias Brome .
14:06 of 2nd period - Shot Misses the Net.
14:09 of 2nd period - Icing by Sergei Boikov.
14:10 of 2nd period - Victor Ejdsell wins face-off versus Noel Acciari in Thunderbirds zone.
14:22 of 2nd period - Icing by Alex Belzile.
14:23 of 2nd period - Noel Acciari wins face-off versus Cal O'Reilly in Thunderbirds zone.
14:23 of 2nd period - Noel Acciari is hit by Max McCormick.
14:29 of 2nd period - Shot by Alex Belzile.
14:29 of 2nd period - Goal by Alex Belzile - Marlies : 7 - Thunderbirds : 3.
14:30 of 2nd period - Paul Stastny wins face-off versus Brad Malone in neutral zone.
14:36 of 2nd period - C.J. Smith is hit by Calvin De Haan and loses puck.
14:38 of 2nd period - Minor Penalty to Dylan Blujus for Holding.
14:39 of 2nd period - Brad Malone wins face-off versus Paul Stastny in Marlies zone.
15:06 of 2nd period - Brad Malone is hit by Paul Stastny and loses puck.
15:15 of 2nd period - Shot by Paul Stastny.
15:15 of 2nd period - Stopped by Erik Kallgren with a rebound.
15:44 of 2nd period - Stuart Percy is hit by Max McCormick and loses puck.
16:14 of 2nd period - Icing by Chris Wideman.
16:15 of 2nd period - Brad Malone wins face-off versus Paul Stastny in Thunderbirds zone.
16:28 of 2nd period - Shot by Kristian Vesalainen.
16:28 of 2nd period - Deflect By Brad Malone .
16:28 of 2nd period - Shot Misses the Net.
16:36 of 2nd period - Shot by C.J. Smith.
16:36 of 2nd period - Stopped by Erik Kallgren without a rebound.
16:37 of 2nd period - Cal O'Reilly wins face-off versus Noel Acciari in Marlies zone.
16:37 of 2nd period - Cal O'Reilly is hit by Ryan Lomberg.
16:42 of 2nd period - Cal O'Reilly is hit by Michael Chaput and loses puck.
16:52 of 2nd period - Shot by Max McCormick.
16:52 of 2nd period - Shot Misses the Net.
16:54 of 2nd period - Shot by Cal O'Reilly.
16:54 of 2nd period - Shot Misses the Net.
17:06 of 2nd period - Shot by Cal O'Reilly.
17:06 of 2nd period - Stopped by Fredrik Bergvik without a rebound.
17:07 of 2nd period - Mitchell Heard wins face-off versus Noel Acciari in Thunderbirds zone.
17:12 of 2nd period - Shot by Dominik Simon.
17:12 of 2nd period - Stopped by Fredrik Bergvik without a rebound.
17:13 of 2nd period - Brad Malone wins face-off versus Noel Acciari in Thunderbirds zone.
18:03 of 2nd period - Shot by Max McCormick.
18:03 of 2nd period - Shot Misses the Net.
18:41 of 2nd period - Icing by Chris Wideman.
18:42 of 2nd period - Paul Stastny wins face-off versus Mitchell Heard in Thunderbirds zone.
19:07 of 2nd period - Shot by Mathias Brome .
19:07 of 2nd period - Shot Blocked by Chris Wideman.
19:54 of 2nd period - Shot by Victor Ejdsell.
19:54 of 2nd period - Shot Hit the Post.
19:59 of 2nd period - Minor Penalty to Sergei Boikov for High sticking.
Goals for this period are 3 for Marlies vs 1 for Thunderbirds.
Shots for this period are 16 for Marlies vs 6 for Thunderbirds.

3rd period


0:01 of 3rd period - Brad Malone wins face-off versus Paul Stastny in neutral zone.
0:24 of 3rd period - Shot by Brad Malone .
0:24 of 3rd period - Stopped by Fredrik Bergvik with a rebound.
0:26 of 3rd period - Shot by Tim Schaller.
0:26 of 3rd period - Shot Misses the Net.
1:46 of 3rd period - Alex Belzile is hit by Ian McCoshen and loses puck.
2:15 of 3rd period - Shot by Victor Ejdsell.
2:15 of 3rd period - Stopped by Fredrik Bergvik without a rebound.
2:16 of 3rd period - Stelio Mattheos wins face-off versus Mitchell Heard in Thunderbirds zone.
2:16 of 3rd period - Stelio Mattheos is hit by Dominik Simon.
2:27 of 3rd period - Stefan Noesen is hit by Calvin De Haan and loses puck.
2:28 of 3rd period - Minor Penalty to Calvin De Haan for Slashing.
2:29 of 3rd period - Noel Acciari wins face-off versus Brad Malone in Marlies zone.
2:38 of 3rd period - Shot by Chris Wideman.
2:38 of 3rd period - Stopped by Erik Kallgren without a rebound.
2:39 of 3rd period - Brad Malone wins face-off versus Noel Acciari in Marlies zone.
2:50 of 3rd period - Dylan Blujus is hit by Ryan Lomberg.
3:15 of 3rd period - Chris Wideman is hit by Tyler Lewington and loses puck.
4:21 of 3rd period - Icing by Libor Sulak.
4:22 of 3rd period - Noel Acciari wins face-off versus Cal O'Reilly in Thunderbirds zone.
4:35 of 3rd period - Shot by Logan O'Connor.
4:35 of 3rd period - Stopped by Erik Kallgren without a rebound.
4:36 of 3rd period - Michael Chaput wins face-off versus Cal O'Reilly in Marlies zone.
4:36 of 3rd period - Logan O'Connor is hit by Calvin De Haan and loses puck.
4:42 of 3rd period - Nolan Vesey is hit by Calvin De Haan and loses puck.
4:49 of 3rd period - Shot by Nolan Vesey.
4:49 of 3rd period - Shot Blocked by Loui Eriksson.
4:51 of 3rd period - Shot by Michael Chaput.
4:51 of 3rd period - Shot Misses the Net.
4:53 of 3rd period - Shot by Aaron Harstad.
4:53 of 3rd period - Deflect By Michael Chaput.
4:53 of 3rd period - Stopped by Erik Kallgren with a rebound.
4:55 of 3rd period - Shot by Logan O'Connor.
4:55 of 3rd period - Shot Misses the Net.
5:00 of 3rd period - Icing by Dylan Blujus.
5:01 of 3rd period - Noel Acciari wins face-off versus Cal O'Reilly in Marlies zone.
5:03 of 3rd period - Alex Belzile is hit by Dylan Blujus and loses puck.
5:14 of 3rd period - Shot by Ryan Lomberg.
5:14 of 3rd period - Shot Misses the Net.
5:16 of 3rd period - Shot by Alex Belzile.
5:16 of 3rd period - Stopped by Erik Kallgren without a rebound.
5:17 of 3rd period - Tim Schaller wins face-off versus Paul Stastny in Marlies zone.
5:34 of 3rd period - Shot by Tim Schaller.
5:34 of 3rd period - Deflect By Dominik Simon.
5:34 of 3rd period - Stopped by Fredrik Bergvik with a rebound.
5:45 of 3rd period - Dominik Simon is hit by Stuart Percy and loses puck.
5:57 of 3rd period - Bobby Nardella is hit by Brad Malone and loses puck.
6:04 of 3rd period - Minor Penalty to Tim Schaller for Roughing.
6:05 of 3rd period - Noel Acciari wins face-off versus Cal O'Reilly in Marlies zone.
6:05 of 3rd period - Ryan Lomberg is hit by Dylan Blujus and loses puck.
6:08 of 3rd period - Shot by Libor Sulak.
6:08 of 3rd period - Stopped by Erik Kallgren with a rebound.
6:10 of 3rd period - Shot by Alex Belzile.
6:10 of 3rd period - Shot Misses the Net.
6:12 of 3rd period - Shot by Chris Wideman.
6:12 of 3rd period - Shot Misses the Net.
6:22 of 3rd period - Shot by Ryan Lomberg.
6:22 of 3rd period - Stopped by Erik Kallgren with a rebound.
6:24 of 3rd period - Shot by Ryan Lomberg.
6:24 of 3rd period - Deflect By Alex Belzile.
6:24 of 3rd period - Shot Misses the Net.
6:32 of 3rd period - Shot by Alex Belzile.
6:32 of 3rd period - Stopped by Erik Kallgren with a rebound.
6:34 of 3rd period - Shot by Alex Belzile.
6:34 of 3rd period - Stopped by Erik Kallgren without a rebound.
6:35 of 3rd period - Brad Malone wins face-off versus Paul Stastny in Marlies zone.
6:40 of 3rd period - Shot by Chris Wideman.
6:40 of 3rd period - Shot Misses the Net.
6:42 of 3rd period - Shot by Austin Poganski.
6:42 of 3rd period - Shot Blocked by Tyler Lewington.
6:44 of 3rd period - Shot by Libor Sulak.
6:44 of 3rd period - Stopped by Erik Kallgren without a rebound.
6:45 of 3rd period - Brad Malone wins face-off versus Noel Acciari in Marlies zone.
6:54 of 3rd period - Shot by Bobby Nardella.
6:54 of 3rd period - Stopped by Erik Kallgren without a rebound.
6:55 of 3rd period - Paul Stastny wins face-off versus Brad Malone in Marlies zone.
7:03 of 3rd period - Shot by Chris Wideman.
7:03 of 3rd period - Deflect By Paul Stastny.
7:03 of 3rd period - Shot Misses the Net.
7:05 of 3rd period - Shot by Austin Poganski.
7:05 of 3rd period - Stopped by Erik Kallgren without a rebound.
7:06 of 3rd period - Brad Malone wins face-off versus Noel Acciari in Marlies zone.
7:12 of 3rd period - Icing by Noel Acciari.
7:13 of 3rd period - Dominik Simon wins face-off versus Noel Acciari in Thunderbirds zone.
7:17 of 3rd period - Icing by Stuart Percy.
7:18 of 3rd period - Noel Acciari wins face-off versus Brad Malone in Thunderbirds zone.
7:29 of 3rd period - Dominik Simon is hit by Ryan Lomberg and loses puck.
7:46 of 3rd period - Shot by Ryan Lomberg.
7:46 of 3rd period - Deflect By Alex Belzile.
7:46 of 3rd period - Goal by Alex Belzile - Marlies : 7 - Thunderbirds : 4.
7:47 of 3rd period - Paul Stastny wins face-off versus Cal O'Reilly in neutral zone.
8:27 of 3rd period - Shot by Paul Stastny.
8:27 of 3rd period - Shot Misses the Net.
8:59 of 3rd period - Shot by Dominik Simon.
8:59 of 3rd period - Stopped by Fredrik Bergvik without a rebound.
9:00 of 3rd period - Michael Chaput wins face-off versus Victor Ejdsell in Thunderbirds zone.
9:00 of 3rd period - Michael Chaput is hit by Brad Malone .
9:20 of 3rd period - Josh Wesley is hit by Michael Chaput and loses puck.
9:31 of 3rd period - Shot by Kristian Vesalainen.
9:31 of 3rd period - Shot Misses the Net.
9:46 of 3rd period - Bobby Nardella is hit by Yegor Rykov and loses puck.
9:56 of 3rd period - Icing by Logan O'Connor.
9:57 of 3rd period - Mitchell Heard wins face-off versus Michael Chaput in Thunderbirds zone.
10:23 of 3rd period - Shot by Dominik Simon.
10:23 of 3rd period - Stopped by Fredrik Bergvik with a rebound.
10:25 of 3rd period - Shot by Calvin De Haan.
10:25 of 3rd period - Shot Blocked by Logan O'Connor.
10:48 of 3rd period - Icing by Stuart Percy.
10:49 of 3rd period - Loui Eriksson wins face-off versus Michael Chaput in Thunderbirds zone.
11:04 of 3rd period - Shot by Cal O'Reilly.
11:04 of 3rd period - Stopped by Fredrik Bergvik without a rebound.
11:05 of 3rd period - Victor Ejdsell wins face-off versus Paul Stastny in Thunderbirds zone.
11:20 of 3rd period - Shot by Brad Malone .
11:20 of 3rd period - Shot Misses the Net.
12:08 of 3rd period - Shot by Ryan Lomberg.
12:08 of 3rd period - Shot Misses the Net.
13:27 of 3rd period - Shot by Mathias Brome .
13:27 of 3rd period - Shot Misses the Net.
13:29 of 3rd period - Shot by Mitchell Heard.
13:29 of 3rd period - Deflect By Dominik Simon.
13:29 of 3rd period - Stopped by Fredrik Bergvik with a rebound.
13:31 of 3rd period - Shot by Tyler Lewington.
13:31 of 3rd period - Stopped by Fredrik Bergvik without a rebound.
13:32 of 3rd period - Noel Acciari wins face-off versus Victor Ejdsell in Thunderbirds zone.
13:32 of 3rd period - Noel Acciari is hit by Brad Malone .
13:40 of 3rd period - Shot by Aaron Harstad.
13:40 of 3rd period - Stopped by Erik Kallgren without a rebound.
13:41 of 3rd period - Noel Acciari wins face-off versus Brad Malone in Marlies zone.
13:52 of 3rd period - Shot by Sergei Boikov.
13:52 of 3rd period - Goal by Sergei Boikov - Marlies : 7 - Thunderbirds : 5.
13:53 of 3rd period - Victor Ejdsell wins face-off versus Michael Chaput in neutral zone.
14:06 of 3rd period - Shot by Nolan Vesey.
14:06 of 3rd period - Stopped by Erik Kallgren without a rebound.
14:07 of 3rd period - Noel Acciari wins face-off versus Brad Malone in Marlies zone.
14:14 of 3rd period - Shot by Alex Belzile.
14:14 of 3rd period - Stopped by Erik Kallgren without a rebound.
14:15 of 3rd period - Brad Malone wins face-off versus Michael Chaput in Marlies zone.
14:27 of 3rd period - Chris Wideman is hit by Brad Malone and loses puck.
14:49 of 3rd period - Icing by Ian McCoshen.
14:50 of 3rd period - Brad Malone wins face-off versus Paul Stastny in Marlies zone.
14:50 of 3rd period - Tyler Lewington is hit by C.J. Smith and loses puck.
15:15 of 3rd period - Cal O'Reilly is hit by C.J. Smith and loses puck.
15:24 of 3rd period - Shot by Paul Stastny.
15:24 of 3rd period - Deflect By Austin Poganski.
15:24 of 3rd period - Shot Misses the Net.
15:52 of 3rd period - Shot by Noel Acciari.
15:52 of 3rd period - Shot Blocked by Dylan Blujus.
16:02 of 3rd period - Shot by Alex Belzile.
16:02 of 3rd period - Shot Misses the Net.
16:06 of 3rd period - Shot by Ryan Lomberg.
16:06 of 3rd period - Stopped by Erik Kallgren with a rebound.
16:12 of 3rd period - Shot by Noel Acciari.
16:12 of 3rd period - Deflect By Alex Belzile.
16:12 of 3rd period - Stopped by Erik Kallgren without a rebound.
16:13 of 3rd period - Mitchell Heard wins face-off versus Nolan Vesey in Marlies zone.
16:20 of 3rd period - Logan O'Connor is hit by Mitchell Heard and loses puck.
17:22 of 3rd period - Shot by C.J. Smith.
17:22 of 3rd period - Deflect By Paul Stastny.
17:22 of 3rd period - Stopped by Erik Kallgren without a rebound.
17:23 of 3rd period - Victor Ejdsell wins face-off versus Ryan Lomberg in Marlies zone.
17:42 of 3rd period - Shot by Kristian Vesalainen.
17:42 of 3rd period - Stopped by Fredrik Bergvik without a rebound.
17:43 of 3rd period - Cal O'Reilly wins face-off versus Paul Stastny in Thunderbirds zone.
17:44 of 3rd period - Shot by Loui Eriksson.
17:44 of 3rd period - Shot Misses the Net.
18:07 of 3rd period - Icing by Chris Wideman.
18:08 of 3rd period - Brad Malone wins face-off versus Paul Stastny in Thunderbirds zone.
18:19 of 3rd period - Shot by Paul Stastny.
18:19 of 3rd period - Shot Blocked by Dominik Simon.
18:42 of 3rd period - Icing by Tim Schaller.
18:43 of 3rd period - Brad Malone wins face-off versus Noel Acciari in Marlies zone.
18:43 of 3rd period - Brad Malone is hit by Noel Acciari.
19:08 of 3rd period - Minor Penalty to Ryan Lomberg for Tripping.
19:09 of 3rd period - Paul Stastny wins face-off versus Cal O'Reilly in Thunderbirds zone.
19:22 of 3rd period - Shot by Max McCormick.
19:22 of 3rd period - Stopped by Fredrik Bergvik without a rebound.
19:23 of 3rd period - Paul Stastny wins face-off versus Cal O'Reilly in Thunderbirds zone.
19:23 of 3rd period - Paul Stastny is hit by Max McCormick.
19:33 of 3rd period - Shot by Max McCormick.
19:33 of 3rd period - Stopped by Fredrik Bergvik without a rebound.
19:34 of 3rd period - Paul Stastny wins face-off versus Cal O'Reilly in Thunderbirds zone.
19:43 of 3rd period - Shot by Paul Stastny.
19:43 of 3rd period - Shot Misses the Net.
Goals for this period are 0 for Marlies vs 2 for Thunderbirds.
Shots for this period are 11 for Marlies vs 19 for Thunderbirds.